APP
DETROIT (APP) TIGERS @ BALTIMORE (APP) ORIOLES
10/10/2049
 
TOP OF THE 1ST
Burlington Royals batting - Pitching for Pulaski Yankees : LHP Brent Andrews
Pitching: LHP Brent Andrews
Batting: RHB Paul Greto 0-0: Called Strike
0-1: Ball
1-1: Ball
2-1: Ball
3-1: Ground out 4-3 (Groundball, 4M, EV 88.8 MPH)
Batting: RHB Jake Burkhart 0-0: Ball
1-0: Ball
2-0: Ball
3-0: Called Strike
3-1: Ground out 6-3 (Groundball, 6, EV 100.0 MPH)
Batting: RHB Devin Garrett 0-0: Called Strike
0-1: Ground out 4-3 (Groundball, 6M, EV 102.5 MPH)
Top of the 1st over - 0 runs, 0 hits, 0 errors, 0 left on base; Burlington 0 - Pulaski 0
BOTTOM OF THE 1ST
Pulaski Yankees batting - Pitching for Burlington Royals : RHP Gus Armijo
Pitching: RHP Gus Armijo
Batting: RHB Victor Quinones 0-0: Called Strike
0-1: Fly out, F4 (Popup, 4M, EV 71.3 MPH)
Batting: RHB Stephen Charbonneau 0-0: Called Strike
0-1: Swinging Strike
0-2: Ball
1-2: SINGLE (Groundball, 6MD, EV 94.4 MPH)
Batting: LHB Yao-pang Tien 0-0: Swinging Strike
0-1: Ball
1-1: Foul Ball, location: 2F
1-2: Ball
Passed Ball!
Stephen Charbonneau to second
2-2: Foul Ball, location: 2F
2-2: Ball
3-2: Ground out 1-3 (Groundball, 13, EV 79.4 MPH)
Stephen Charbonneau to third
Batting: LHB Javier Casas 0-0: Called Strike
0-1: Called Strike
0-2: Foul Ball, location: 2F
0-2: Ball
1-2: Foul Ball, location: 2F
1-2: Ball
2-2: Ball
3-2: DOUBLE (Line Drive, 9LM, EV 111.3 MPH)
Stephen Charbonneau scores
Batting: RHB Bryan Shackelford 0-0: Ball
1-0: Called Strike
1-1: Called Strike
1-2: Strikes out swinging
Bottom of the 1st over - 1 run, 2 hits, 0 errors, 1 left on base; Burlington 0 - Pulaski 1
TOP OF THE 2ND
Burlington Royals batting - Pitching for Pulaski Yankees : LHP Brent Andrews
Batting: RHB Yuri Gielkens 0-0: Ball
1-0: Ball
2-0: Ball
3-0: Called Strike
3-1: Called Strike
3-2: Foul Ball, location: 2F
3-2: Base on Balls
Batting: RHB Jason Sloan 0-0: Ball
1-0: Fielders Choice at 2nd, 5-4 (Groundball, 5S, EV 88.1 MPH)
Batting: RHB Frank McCulloch 0-0: Called Strike
0-1: Ball
1-1: Ball
2-1: SINGLE (Line Drive, 3D, EV 95.0 MPH)
Jason Sloan to second
Runner from 2nd tries for 3rd, SAFE, no throw by RF
Batting: LHB Jason Mills 0-0: Ball
1-0: Called Strike
1-1: Called Strike
1-2: Fly out, F6 (Popup, 6M, EV 48.8 MPH)
Batting: LHB Ben Everhard 0-0: Ball
1-0: Fly out, F6 (Popup, 6M, EV 68.1 MPH)
Top of the 2nd over - 0 runs, 1 hit, 0 errors, 2 left on base; Burlington 0 - Pulaski 1
BOTTOM OF THE 2ND
Pulaski Yankees batting - Pitching for Burlington Royals : RHP Gus Armijo
Batting: LHB Aaron Caron 0-0: Ball
1-0: Foul Ball, location: 2F
1-1: Ball
2-1: Called Strike
2-2: Foul Ball, location: 2F
2-2: Foul Ball, location: 2F
2-2: Fly out, F9 (Flyball, 9LSF, EV 90.6 MPH)
Batting: SHB Ramon Landeros 0-0: Ball
1-0: Ball
2-0: Ball
3-0: Called Strike
3-1: Base on Balls
Batting: RHB Miguel Leal 0-0: Called Strike
0-1: Ball
1-1: Foul Ball, location: 2F
1-2: Ball
2-2: Ball
3-2: Strikes out swinging
Batting: RHB David Rodriquez 0-0: Fly out, F9 (Flyball, 9D, EV 103.8 MPH)
Bottom of the 2nd over - 0 runs, 0 hits, 0 errors, 1 left on base; Burlington 0 - Pulaski 1
TOP OF THE 3RD
Burlington Royals batting - Pitching for Pulaski Yankees : LHP Brent Andrews
Batting: LHB Chris Brown 0-0: Foul Ball, location: 2F
0-1: Ball
1-1: SINGLE (Line Drive, 7S, EV 102.5 MPH)
Batting: RHB Paul Greto 0-0: Foul Ball, location: 2F
0-1: Swinging Strike
0-2: Strikes out swinging
Batting: RHB Jake Burkhart 0-0: Ball
Chris Brown steals 2nd base
1-0: Called Strike
1-1: Ball
2-1: Ball
3-1: Foul Ball, location: 2F
3-2: Ground out 5-3 (Groundball, 56S, EV 65.6 MPH)
Chris Brown to third
Batting: RHB Devin Garrett 0-0: Swinging Strike
0-1: DOUBLE (Line Drive, 5D, EV 110.6 MPH)
Chris Brown scores
Batting: RHB Yuri Gielkens 0-0: Foul Ball, location: 2F
0-1: Swinging Strike
0-2: Strikes out swinging
Top of the 3rd over - 1 run, 2 hits, 0 errors, 1 left on base; Burlington 1 - Pulaski 1
BOTTOM OF THE 3RD
Pulaski Yankees batting - Pitching for Burlington Royals : RHP Gus Armijo
Batting: RHB Victor Quinones 0-0: Called Strike
0-1: Ball
1-1: Ball
2-1: Ball
3-1: Foul Ball, location: 2F
3-2: Foul Ball, location: 2F
3-2: Strikes out looking
Batting: RHB Stephen Charbonneau 0-0: Ball
1-0: Fly out, F9 (Flyball, 9, EV 75.6 MPH)
Batting: LHB Yao-pang Tien 0-0: SINGLE (Groundball, 4D, EV 100.6 MPH)
Batting: LHB Javier Casas 0-0: Ball
1-0: Ground out 4-3 (Groundball, 4, EV 105.6 MPH)
Bottom of the 3rd over - 0 runs, 1 hit, 0 errors, 1 left on base; Burlington 1 - Pulaski 1
TOP OF THE 4TH
Burlington Royals batting - Pitching for Pulaski Yankees : LHP Brent Andrews
Batting: RHB Jason Sloan 0-0: Called Strike
0-1: Ball
1-1: Ball
2-1: Fly out, F8 (Line Drive, 8RD, EV 101.9 MPH)
Batting: RHB Frank McCulloch 0-0: Fly out, F6 (Line Drive, 6, EV 68.1 MPH)
Batting: LHB Jason Mills 0-0: Ball
1-0: Called Strike
1-1: Foul Ball, location: 2F
1-2: Ball
2-2: Ball
3-2: Foul Ball, location: 2F
3-2: Foul Ball, location: 2F
3-2: Strikes out swinging
Top of the 4th over - 0 runs, 0 hits, 0 errors, 0 left on base; Burlington 1 - Pulaski 1
BOTTOM OF THE 4TH
Pulaski Yankees batting - Pitching for Burlington Royals : RHP Gus Armijo
Batting: RHB Bryan Shackelford 0-0: Ball
1-0: Called Strike
1-1: Ball
2-1: Foul Ball, location: 2F
2-2: Ball
3-2: Ground out 5-3 (Groundball, 5, EV 83.1 MPH)
Batting: LHB Aaron Caron 0-0: Ball
1-0: Ball
2-0: Called Strike
2-1: Foul Ball, location: 2F
2-2: Foul Ball, location: 2F
2-2: Foul Ball, location: 2F
2-2: Ball
3-2: Fly out, F8 (Flyball, 78D, EV 96.9 MPH)
Batting: SHB Ramon Landeros 0-0: Ball
1-0: Swinging Strike
1-1: Foul Ball, location: 2F
1-2: Strikes out swinging
Bottom of the 4th over - 0 runs, 0 hits, 0 errors, 0 left on base; Burlington 1 - Pulaski 1
TOP OF THE 5TH
Burlington Royals batting - Pitching for Pulaski Yankees : LHP Brent Andrews
Batting: LHB Ben Everhard 0-0: Ball
1-0: Swinging Strike
1-1: Ball
2-1: Foul Ball, location: 2F
2-2: SINGLE (Groundball, 3D, EV 104.4 MPH)
Batting: LHB Chris Brown 0-0: Ground out U3 (Groundball, 3, EV 81.9 MPH)
Ben Everhard to second
Batting: RHB Paul Greto 0-0: Called Strike
0-1: Swinging Strike
0-2: 2-RUN HOME RUN (Flyball, 8LXD, EV 95.6 MPH), Distance : 450 ft
Batting: RHB Jake Burkhart 0-0: Called Strike
0-1: Ball
1-1: Ground out 1-3 (Groundball, P, EV 69.4 MPH)
Batting: RHB Devin Garrett 0-0: Foul Ball, location: 2F
0-1: Foul Ball, location: 2F
0-2: Ground out 6-3 (Groundball, 6, EV 103.8 MPH)
Top of the 5th over - 2 runs, 2 hits, 0 errors, 0 left on base; Burlington 3 - Pulaski 1
BOTTOM OF THE 5TH
Pulaski Yankees batting - Pitching for Burlington Royals : RHP Gus Armijo
Batting: RHB Miguel Leal 0-0: Called Strike
0-1: Ball
1-1: Foul Ball, location: 2F
1-2: Foul Ball, location: 2F
1-2: Ball
2-2: Ball
3-2: Ground out 6-3 (Groundball, 6, EV 92.5 MPH)
Pitching: RHP Joel Cruz
Batting: RHB David Rodriquez 0-0: Called Strike
0-1: Ball
1-1: Ball
2-1: Swinging Strike
2-2: Strikes out swinging
Batting: RHB Victor Quinones 0-0: SINGLE (Line Drive, 7S, EV 105.0 MPH)
Batting: RHB Stephen Charbonneau 0-0: Ball
Victor Quinones steals 2nd base
1-0: Foul Ball, location: 2F
1-1: Swinging Strike
1-2: Ball
2-2: Ball
3-2: Base on Balls
Batting: LHB Yao-pang Tien 0-0: Ball
1-0: Foul Ball, location: 2F
1-1: Foul Ball, location: 2F
1-2: Ball
2-2: Ball
3-2: SINGLE (Groundball, 4MD, EV 103.1 MPH)
Victor Quinones to third
Stephen Charbonneau to second
Victor Quinones scores
Stephen Charbonneau to third
Batting: LHB Javier Casas 0-0: Ball
Yao-pang Tien steals 2nd base
1-0: Ball
2-0: Ball
3-0: Base on Balls
Batting: RHB Bryan Shackelford 0-0: Ball
1-0: Called Strike
1-1: Ball
2-1: Foul Ball, location: 2F
2-2: Ball
Wild Pitch!
Stephen Charbonneau scores
Yao-pang Tien to third
Javier Casas to second
3-2: Reached on error, E3 (Groundball, 3L, EV 106.3 MPH)
Yao-pang Tien scores
Javier Casas to third
Batting: LHB Aaron Caron 0-0: Called Strike
0-1: Called Strike
0-2: Ball
Passed Ball!
Javier Casas scores
Bryan Shackelford to second
1-2: Ball
2-2: Strikes out looking
Bottom of the 5th over - 4 runs, 2 hits, 1 error, 1 left on base; Burlington 3 - Pulaski 5
TOP OF THE 6TH
Burlington Royals batting - Pitching for Pulaski Yankees : LHP Brent Andrews
Batting: RHB Yuri Gielkens 0-0: Called Strike
0-1: Ground out 2-3 (Groundball, 13S, EV 75.6 MPH)
Batting: RHB Jason Sloan 0-0: Foul Ball, location: 2F
0-1: Ball
1-1: Ball
2-1: Ball
3-1: Ground out 6-3 (Groundball, 6, EV 85.0 MPH)
Batting: RHB Frank McCulloch 0-0: SINGLE (Groundball, 6MD, EV 97.5 MPH)
Batting: LHB Jason Mills 0-0: Ball
1-0: Called Strike
1-1: Ground out 6-3 (Groundball, 6MS, EV 61.3 MPH)
Top of the 6th over - 0 runs, 1 hit, 0 errors, 1 left on base; Burlington 3 - Pulaski 5
BOTTOM OF THE 6TH
Pulaski Yankees batting - Pitching for Burlington Royals : RHP Joel Cruz
Pitching: LHP Nick Parker
Batting: SHB Ramon Landeros 0-0: Fly out, F7 (Flyball, 78D, EV 87.5 MPH)
Batting: RHB Miguel Leal 0-0: Called Strike
0-1: Ball
1-1: Ball
2-1: Ground out 6-3 (Groundball, 6, EV 78.8 MPH)
Batting: RHB David Rodriquez 0-0: Foul Ball, location: 2F
0-1: Called Strike
0-2: Ball
1-2: SINGLE (Flyball, 78S, EV 91.3 MPH)
Batting: RHB Victor Quinones 0-0: Ball
1-0: Called Strike
1-1: Ball
2-1: Foul Ball, location: 2F
2-2: Strikes out swinging
Bottom of the 6th over - 0 runs, 1 hit, 0 errors, 1 left on base; Burlington 3 - Pulaski 5
TOP OF THE 7TH
Burlington Royals batting - Pitching for Pulaski Yankees : LHP Brent Andrews
Batting: LHB Ben Everhard 0-0: Swinging Strike
0-1: DOUBLE (Flyball, 89D, EV 98.1 MPH)
Batting: LHB Chris Brown 0-0: Ball
1-0: Called Strike
1-1: Swinging Strike
1-2: Ball
2-2: Strikes out looking
Batting: RHB Paul Greto 0-0: Ball
1-0: Ball
2-0: Ball
3-0: Called Strike
3-1: Called Strike
3-2: SINGLE (Groundball, 4MD, EV 105.0 MPH)
Ben Everhard to third
Batting: RHB Jake Burkhart 0-0: Ball
1-0: Swinging Strike
1-1: Ball
2-1: SINGLE (Line Drive, 5, EV 64.4 MPH) (infield hit)
Ben Everhard scores
Paul Greto to second
Batting: RHB Devin Garrett 0-0: Ball
1-0: Foul Ball, location: 2F
1-1: Foul Ball, location: 2F
1-2: Foul Ball, location: 2F
1-2: Fielders Choice at 2nd, 6-4 (Groundball, 6M, EV 106.9 MPH)
Paul Greto to third
Batting: RHB Yuri Gielkens 0-0: Ball
1-0: Ball
2-0: Ball
3-0: Base on Balls
Devin Garrett to second
Batting: RHB Jason Sloan 0-0: Called Strike
0-1: Ball
1-1: Swinging Strike
1-2: Foul Ball, location: 2F
1-2: Strikes out swinging
Top of the 7th over - 1 run, 3 hits, 0 errors, 3 left on base; Burlington 4 - Pulaski 5
BOTTOM OF THE 7TH
Pulaski Yankees batting - Pitching for Burlington Royals : LHP Nick Parker
Batting: RHB Stephen Charbonneau 0-0: Ball
1-0: Ground out 1-3 (Groundball, 13S, EV 68.8 MPH)
Batting: LHB Yao-pang Tien 0-0: Ball
1-0: Ball
2-0: Ball
3-0: Base on Balls
Batting: LHB Javier Casas 0-0: Ball
1-0: Ball
2-0: Ball
3-0: Base on Balls
Yao-pang Tien to second
Batting: RHB Bryan Shackelford 0-0: Ball
1-0: Foul Ball, location: 2F
1-1: Foul Ball, location: 2F
1-2: Ball
2-2: Ball
3-2: Fielders Choice at 2nd, 6-4 (Groundball, 6, EV 88.8 MPH)
Yao-pang Tien to third
Batting: LHB Aaron Caron 0-0: Ball
Wild Pitch!
Yao-pang Tien scores
Bryan Shackelford to second
1-0: Ball
Passed Ball!
Bryan Shackelford to third
2-0: Foul Ball, location: 2F
2-1: Foul Ball, location: 2F
2-2: Ball
3-2: SINGLE (Groundball, 6MD, EV 94.4 MPH)
Bryan Shackelford scores
Batting: SHB Ramon Landeros 0-0: Called Strike
0-1: Ball
1-1: DOUBLE (Groundball, 5L, EV 98.8 MPH)
Aaron Caron to third
Runner from 3rd tries for Home, SAFE, throw by LF to home
Pitching: RHP Bobby Mendoza
Batting: RHB Miguel Leal 0-0: Ball
1-0: Ball
2-0: 2-RUN HOME RUN (Flyball, 7D, EV 100.0 MPH), Distance : 366 ft
Batting: RHB David Rodriquez 0-0: Ball
1-0: Called Strike
1-1: Foul Ball, location: 2F
1-2: Ball
2-2: Strikes out looking
Bottom of the 7th over - 5 runs, 3 hits, 0 errors, 0 left on base; Burlington 4 - Pulaski 10
TOP OF THE 8TH
Burlington Royals batting - Pitching for Pulaski Yankees : LHP Brent Andrews
Batting: RHB Frank McCulloch 0-0: Called Strike
0-1: SINGLE (Groundball, 6MD, EV 103.1 MPH)
Batting: LHB Jason Mills 0-0: Ball
1-0: Foul Ball, location: 2F
1-1: Fly out, F9 (Flyball, 9S, EV 90.0 MPH)
Batting: LHB Ben Everhard 0-0: Ball
1-0: Ball
2-0: Called Strike
2-1: Swinging Strike
2-2: Grounds into double play, 5-4-3 (Groundball, 5L, EV 83.1 MPH)
Top of the 8th over - 0 runs, 1 hit, 0 errors, 0 left on base; Burlington 4 - Pulaski 10
BOTTOM OF THE 8TH
Pulaski Yankees batting - Pitching for Burlington Royals : RHP Bobby Mendoza
Batting: RHB Victor Quinones 0-0: Ball
1-0: Ball
2-0: Foul Ball, location: 2F
2-1: Foul Ball, location: 2F
2-2: Foul Ball, location: 2F
2-2: Ball
3-2: Foul Ball, location: 2F
3-2: Base on Balls
Batting: RHB Stephen Charbonneau 0-0: Called Strike
0-1: Ball
Victor Quinones steals 2nd base
1-1: Foul Ball, location: 2F
1-2: Reached on error, E3 (Groundball, 34S, EV 82.5 MPH)
Victor Quinones to third
Batting: LHB Yao-pang Tien 0-0: Swinging Strike
0-1: Ball
1-1: Ball
2-1: Called Strike
2-2: Ball
3-2: Base on Balls
Stephen Charbonneau to second
Batting: LHB Javier Casas 0-0: Ball
1-0: Foul Ball, location: 2F
1-1: Foul Ball, location: 2F
1-2: Ball
2-2: Foul Ball, location: 2F
2-2: Foul Ball, location: 2F
2-2: Ball
3-2: Foul Ball, location: 2F
3-2: Base on Balls
Victor Quinones scores
Stephen Charbonneau to third
Yao-pang Tien to second
Batting: RHB Bryan Shackelford 0-0: Ball
1-0: Foul Ball, location: 2F
1-1: Hit by Pitch
Stephen Charbonneau scores
Yao-pang Tien to third
Javier Casas to second
Pitching: RHP Juan Hernandez
Pinch Hitting: SHB Silvino Manhos 0-0: Ball
1-0: Fielders Choice at 2nd, 3-6 (Groundball, 3, EV 87.5 MPH)
Yao-pang Tien scores
Javier Casas to third
Batting: SHB Ramon Landeros 0-0: Ball
1-0: Called Strike
1-1: Foul Ball, location: 2F
1-2: Fielders Choice at 2nd, 3-6 (Groundball, 3, EV 102.5 MPH)
Javier Casas scores
Pinch Hitting: LHB Nick Bell 0-0: Fielders Choice at 2nd, U6 (Groundball, 6M, EV 78.1 MPH)
Bottom of the 8th over - 4 runs, 0 hits, 1 error, 1 left on base; Burlington 4 - Pulaski 14
TOP OF THE 9TH
Burlington Royals batting - Pitching for Pulaski Yankees : LHP Brent Andrews
Now in LF: Silvino Manhos
Now in RF: Nick Bell
Batting: LHB Chris Brown 0-0: SINGLE (Line Drive, 89S, EV 90.0 MPH)
Batting: RHB Paul Greto 0-0: Ball
1-0: Swinging Strike
1-1: Ball
2-1: SINGLE (Line Drive, 56, EV 101.3 MPH)
Chris Brown to second
Pinch Hitting: LHB Efrain Quinonez 0-0: Ball
1-0: Called Strike
1-1: Ball
2-1: SINGLE (Line Drive, 6D, EV 96.3 MPH)
Chris Brown to third
Paul Greto to second
Pinch Hitting: LHB Mike Fehr 0-0: Ball
1-0: Ground out 4-3 (Groundball, 4M, EV 82.5 MPH)
Chris Brown scores
Paul Greto to third
Efrain Quinonez to second
Pitching: LHP Eric Blais
Batting: RHB Yuri Gielkens 0-0: Called Strike
0-1: Ball
1-1: Swinging Strike
1-2: Ball
2-2: Foul Ball, location: 2F
2-2: Ball
3-2: Foul Ball, location: 2F
3-2: Foul Ball, location: 2F
3-2: Base on Balls
Batting: RHB Jason Sloan 0-0: Ball
1-0: Ball
2-0: Ball
3-0: Hit by Pitch
Paul Greto scores
Efrain Quinonez to third
Yuri Gielkens to second
Pinch Hitting: LHB Gabriel Romero 0-0: Foul Ball, location: 2F
0-1: Ball
1-1: DOUBLE (Line Drive, 9LD, EV 112.5 MPH)
Efrain Quinonez scores
Yuri Gielkens scores
Jason Sloan to third
Batting: LHB Jason Mills 0-0: Ground out 4-3 (Groundball, 4D, EV 98.1 MPH)
Jason Sloan scores
Gabriel Romero to third
Batting: LHB Ben Everhard 0-0: Ground out 2-3 (Groundball, 2L, EV 69.4 MPH)
Top of the 9th over - 5 runs, 4 hits, 0 errors, 1 left on base; Burlington 9 - Pulaski 14
Sunday, July 16th , 2023 - OOTP Baseball 24.6 Build 69